 Dungeon Crawl Stone Soup version 0.30-a0-726-gd89dcf765f (webtiles) character file.

Game seed: 4663263535667011839

917 jimonade the Skirmisher (level 7, -1/38 HPs)
             Began as a Deep Elf Hunter on Jan 29, 2023.
             Slain by an orc
             ... wielding a +0 whip
              (6 damage)
             ... on level 4 of the Dungeon.
             The game lasted 00:04:07 (2704 turns).

jimonade the Skirmisher (Deep Elf Hunter)           Turns: 2704, Time: 00:04:08

Health: -1/38      AC:  3    Str:  8    XL:     7   Next: 83%
Magic:  9/9        EV: 13    Int: 14    God:
Gold:   201        SH:  0    Dex: 26    Spells: 6/6 levels left

rFire   . . .      SeeInvis .    a - +0 shortbow (flame)
rCold   . . .      Faith    .    (shield currently unavailable)
rNeg    . . .      Spirit   .    c - +0 leather armour
rPois   .          Reflect  .    (no helmet)
rElec   .          Harm     .    (no cloak)
rCorr   .          Rampage  .    (no gloves)
Will    .....                    (no boots)
Stlth   +++                      (no amulet)
HPRegen 0.26/turn                o - ring "Omposit" {Dex+6 Stlth+}
MPRegen 0.11/turn                (no ring)

@: no status effects
A: no striking features
a: no special abilities


You were on level 4 of the Dungeon.
You visited 1 branch of the dungeon, and saw 4 of its levels.

You collected 201 gold pieces.

Inventory:

Hand Weapons
 a - a +0 shortbow of flaming (weapon)
 b - a +2 dagger of speed
 p - a +2 scimitar of flaming
Missiles
 m - a throwing net
Armour
 c - a +0 leather armour (worn)
 q - a +0 leather armour
Jewellery
 o - the ring "Omposit" (left hand) {Dex+6 Stlth+}
   (You found it on level 3 of the Dungeon)

   [ring of dexterity]

   Dex:       It affects your dexterity (+6).
   Stlth:     It makes you more stealthy.
Wands
 r - a wand of digging (7)
Scrolls
 d - 2 scrolls of blinking {unknown}
 h - a scroll of identify
 j - a scroll of teleportation
 k - 2 scrolls of immolation
 n - 4 scrolls of poison {unknown}
 s - a scroll of vulnerability {unknown}
Potions
 e - 3 potions of might {unknown}
 f - a potion of brilliance {unknown}
 g - 3 potions of lignification
 i - a potion of haste {unknown}
 l - 5 potions of curing


   Skills:
 - Level 1.5 Fighting
 + Level 12.7 Ranged Weapons
 - Level 2.4 Dodging
 - Level 1.2 Stealth


You had 6 spell levels left.
You didn't know any spells.
Your spell library contained the following spells:

 Spells                   Type           Power      Damage    Failure   Level
 Shock                    Conj/Air       0%         1d3       38%         1
 Summon Small Mammal      Summ           0%         N/A       38%         1
 Cigotuvi's Dreadful Rot  Necr/Pois/Air  0%         N/A       54%         2
 Poisonous Vapours        Pois/Air       0%         N/A       54%         2
 Call Canine Familiar     Summ           0%         N/A       77%         3
 Mephitic Cloud           Conj/Pois/Air  0%         N/A       77%         3
 Stone Arrow              Conj/Erth      0%         3d7       77%         3
 Summon Guardian Golem    Hex/Summ       0%         N/A       77%         3
 Swiftness                Air            0%         N/A       77%         3
 Airstrike                Air            0%         2d(0-16)  99%         4
 Animate Armour           Summ/Erth      0%         N/A       99%         4
 Lehudib's Crystal Spear  Conj/Erth      0%         10d2      100%        8


Dungeon Overview and Level Annotations

Branches:
Dungeon (4/15)
 Temple: D:4-7

Altars:
Dithmenos

Shops:
D:2 *

Annotations:
D:4 2 runed translucent doors, karrick's ghost, amateur GrFi


Message History

You shoot an arrow.
The orc reflects the arrow off an invisible shield around it!
The arrow barely misses you.
You shoot an arrow.
The arrow hits the orc but does no damage.
The orc is moderately wounded.
You shoot an arrow. The arrow hits the orc.
The arrow burns the orc.
The orc is heavily wounded.
The orc closely misses you.
You shoot an arrow. The arrow hits the orc.
The arrow burns the orc.
The orc is almost dead.
You shoot an arrow. The arrow barely misses the orc.
The orc barely misses you.
You shoot an arrow.
The orc reflects the arrow off an invisible shield around it!
The arrow hits you! The arrow burns you. The orc misses you.
You shoot an arrow.
The orc reflects the arrow off an invisible shield around it!
The arrow hits you! The arrow burns you. The orc hits you with a +0 whip.
You are too injured to fight recklessly!
You are too injured to fight recklessly!
You are too injured to fight recklessly!
Fire: a) +0 shortbow (flame)
Press: ? - help, Q - select action, (/) - cycle Shift-Dir - straight line, f/p - orc
Aim: an orc, wielding a +0 whip, wearing a +0 leather armour and wearing an amulet of reflection (almost dead, reflecting blocked projectiles, 71% to hit)
You shoot an arrow.
The orc reflects the arrow off an invisible shield around it!
The arrow hits you.
* * * LOW HITPOINT WARNING * * *
The arrow burns you.
* * * LOW HITPOINT WARNING * * *
The orc hits you with a +0 whip.
* * * LOW HITPOINT WARNING * * *
Fire: a) +0 shortbow (flame)
Press: ? - help, Q - select action, (/) - cycle Shift-Dir - straight line, f/p - orc
Aim: an orc, wielding a +0 whip, wearing a +0 leather armour and wearing an amulet of reflection (almost dead, reflecting blocked projectiles, 71% to hit)
You shoot an arrow.
The orc reflects the arrow off an invisible shield around it!
The arrow barely misses you. The orc hits you with a +0 whip.
You die...

W+........†....##
≈#..............###
.#.........<....#..
.#######...####.#.#
# #...# #<#.# #
#...# #.#.# . #
#...# #.#.# ... #
##.## #.#o#..... #
#.# #.@....... ####
##.## #####.....
...#####.#<## ...
##.#.#..###.#######
# .......##
##......#
......#.###.#.###.#
...#..##.#.##.# #.#
...#.#........#
#.##
...#.####..####
#..#


You could see an orc (reflecting).

Vanquished Creatures
  Grinder (D:3)
  Sigmund (D:4)
  A black bear (D:4)
  Blork the orc (D:4)
  A necrophage (D:4)
  A jelly (D:4)
  A gnoll bouda (D:4)
  A hound (D:4)
  An iguana (D:3)
  Natasha (twice) (D:3)
  Terence (D:3)
  2 orc wizards (D:4)
  3 gnolls (D:4)
  3 adders
  A white imp (D:4)
  A worm (D:2)
  2 dart slugs (D:1)
  4 orcs
  6 ball pythons
  5 bats (D:2)
  8 endoplasms
  A giant cockroach (D:3)
  4 goblins
  6 hobgoblins
  2 quokkas (D:4)
  5 frilled lizards
  7 kobolds
  5 rats
77 creatures vanquished.

Notes
Turn   | Place    | Note
-------+----------+-------------------------------------------
     0 | D:1      | jimonade the Deep Elf Hunter began the quest for the Orb.
     0 | D:1      | Reached XP level 1. HP: 12/12 MP: 3/3
    63 | D:1      | Reached skill level 6 in Ranged Weapons
    63 | D:1      | Reached XP level 2. HP: 16/16 MP: 4/4
   299 | D:1      | Found a faded altar of an unknown god.
   538 | D:2      | Found Irom's Assorted Antiques.
   597 | D:2      | Reached XP level 3. HP: 20/20 MP: 5/5
  1155 | D:2      | Reached skill level 7 in Ranged Weapons
  1495 | D:3      | Reached XP level 4. HP: 25/25 MP: 6/6
  1531 | D:3      | Identified the ring "Omposit" {Dex+6 Stlth+}
  1567 | D:3      | Noticed Grinder
  1569 | D:3      | Paralysed by Grinder for 2 turns
  1572 | D:3      | Paralysed by Grinder for 2 turns
  1580 | D:3      | Killed Grinder
  1581 | D:3      | Reached skill level 9 in Ranged Weapons
  1581 | D:3      | Reached XP level 5. HP: 9/29 MP: 7/7
  1581 | D:3      | Reached XP level 6. HP: 11/34 MP: 8/8
  1776 | D:3      | Noticed Terence
  1786 | D:3      | Killed Terence
  1931 | D:3      | Noticed Natasha
  1933 | D:3      | Killed Natasha
  1934 | D:3      | Reached skill level 10 in Ranged Weapons
  2040 | D:3      | Noticed Natasha
  2042 | D:3      | Killed Natasha
  2154 | D:4      | Noticed Blork the orc
  2157 | D:4      | Killed Blork the orc
  2250 | D:4      | Reached skill level 11 in Ranged Weapons
  2252 | D:4      | Reached XP level 7. HP: 38/38 MP: 9/9
  2360 | D:4      | Noticed Sigmund
  2371 | D:4      | Killed Sigmund
  2375 | D:4      | Reached skill level 12 in Ranged Weapons
  2389 | D:4      | Found a shadowy altar of Dithmenos.
  2570 | D:4      | Found a large runed translucent door.
  2570 | D:4      | Found a large runed translucent door.
  2574 | D:4      | Noticed karrick's ghost (amateur GrFi)
  2704 | D:4      | Slain by an orc

Illustrated notes

Levels and vault maps discovered:
D:1:      saegor_arrival_simple_d, layout_basic,
          shapermc_ecumenical_altar_hornbeckon
D:2:      layout_basic, serial_shops, nicolae_shop_hallway_plus
D:3:      layout_rooms, chequers_serial_rivers_micro_d, uniq_grinder,
          uniq_terence, uniq_natasha
D:4:      layout_loops_cross, nicolae_dithmenos_through_a_glass_darkly,
          ebering_ghost_disaster_area, uniq_blork_the_orc, uniq_sigmund

Skill      XL: |  1  2  3  4  5  6  7 |
---------------+----------------------+-----
Ranged Weapons | 6 7 9 11 12 | 12.7
Fighting       | |  1.5
Dodging        | |  2.4
Stealth        | |  1.2

Action                     |  1- 3 |  4- 6 |  7- 9 || total
---------------------------+-------+-------+-------++-------
   Fire: Shortbow          |    87 |    78 |    49 ||   214
    Use: Scroll            |     4 |       |       ||     4
 Armour: Leather armour    |     7 |     2 |     3 ||    12
  Dodge: Dodged            |     9 |     6 |    13 ||    28

Table legend: (Time is in decaauts)
 A = Elapsed time spent in this place.
 B = Non-inter-level travel time spent in this place.
 C = Inter-level travel time spent in this place.
 D = Time resting spent in this place.
 E = Time spent auto-exploring this place.
 F = Levels seen in this place.
 G = Mean time per level.
                   A        B        C        D        E       F      G
               +--------+--------+--------+--------+--------+-----+--------+
         Total |   2732 |   2619 |    113 |    100 |   2110 |   4 |  683.0 |
       Dungeon |   2732 |   2619 |    113 |    100 |   2110 |   4 |  683.0 |
               +--------+--------+--------+--------+--------+-----+--------+

Top non-repeatable levels by time:
     D:2: 941 daAuts
     D:4: 647 daAuts
     D:3: 617 daAuts
     D:1: 526 daAuts
